 Dungeon Crawl Stone Soup version 0.27-a0-1245-g940ed4fa31 (webtiles) character file.

Game seed: 7026032799844737049

261587 robertstho the Slayer (level 19, -11/191 HPs)
             Began as a Minotaur Berserker on June 9, 2021.
             Was a High Priest of Trog.
             Mangled by a merfolk impaler
             ... wielding a +5 trident of flaming
              (12 damage)
             ... on level 2 of the Shoals.
             The game lasted 01:16:17 (46827 turns).

robertstho the Slayer (Minotaur Berserker)         Turns: 46827, Time: 01:16:18

Health: -11/191    AC: 32    Str: 33    XL:     19   Next: 58%
Magic:  0/18       EV:  9    Int: 12    God:    Trog [*****.]
Gold:   3078       SH: 22    Dex:  8    Spells: 18/18 levels left

rFire    + . .     SeeInvis +   B - +5 hand axe "Telon" {freeze, Contam rElec rPois rF+}
rCold    + . .     Faith    .   m - +0 tower shield
rNeg     + + +     Spirit   +   r - +8 chain mail of Eye-covered Salvation {Int+2}
rPois    +         Reflect  .   I - +1 hat
rElec    +         Harm     .   D - +0 cloak
rCorr    .         Rampage  .   J - +0 pair of gloves {Stlth+}
Will     ++...                  g - +2 pair of boots of Dass {rN+ Str+4}
Stlth    ..........             o - amulet of guardian spirit
HPRegen  0.41/turn              n - ring "Zeta" {rC+ rN+ Will+ Slay+5}
MPRegen  0.16/turn              H - ring "Jefuemp" {rPois rN+ Int+5 Dex-2 SInv}

@: no status effects
A: horns 2, retaliatory headbutt
}: 1/15 runes: serpentine
a: Renounce Religion, Berserk, Trog's Hand, Brothers in Arms


You were on level 2 of the Shoals.
You worshipped Trog.
Trog was extremely pleased with you.
You visited 6 branches of the dungeon, and saw 32 of its levels.
You visited the Abyss 2 times.
You also visited: Ice Cave.

You collected 4726 gold pieces.
You spent 1648 gold pieces at shops.

Inventory:

Hand Weapons
 f - a +3 scimitar of flaming
 h - the +5 broad axe of Ahedym {vorpal, rF+ rC++ Str-5}
   (Trog gifted it to you on level 6 of the Lair of Beasts)

   It inflicts extra damage upon your enemies.
   It affects your strength (-5).
   It protects you from fire.
   It greatly protects you from cold.
 B - the +5 hand axe "Telon" (weapon) {freeze, Contam rElec rPois rF+}
   (You found it on level 8 of the Dungeon)

   It has been specially enchanted to freeze those struck by it, causing extra
   injury to most foes and up to half again as much damage against particularly
   susceptible opponents.
   It can also slow down cold-blooded creatures.
   It protects you from fire.
   It insulates you from electricity.
   It protects you from poison.
   It causes magical contamination when unequipped.
 F - a +1 spectral battleaxe
 K - the +8 broad axe of Gal Mou {vorpal, *Noise rF+ rCorr Dex+5}
   (You bought it in a shop on level 9 of the Dungeon)

   It inflicts extra damage upon your enemies.
   It affects your dexterity (+5).
   It protects you from fire.
   It may make noises in combat.
   It protects you from acid and corrosion.
Armour
 g - the +2 pair of boots of Dass (worn) {rN+ Str+4}
   (You acquired it on level 14 of the Dungeon)

   It affects your strength (+4).
   It protects you from negative energy.
 j - the +9 chain mail of the Leaping Realms {rC+++ MP-9 Int+4 Stlth-}
   (You bought it in a shop on level 2 of the Orcish Mines)

   It affects your intelligence (+4).
   It renders you almost immune to cold.
   It affects your magic capacity (-9).
   It makes you less stealthy.
 m - a +0 tower shield (worn)
 r - the +8 chain mail of Eye-covered Salvation (worn) {Int+2}
   (You bought it in a shop on level 2 of the Orcish Mines)

   It affects your intelligence (+2).
 D - a +0 cloak (worn)
 I - a +1 hat (worn)
 J - a +0 pair of gloves of stealth (worn)
Jewellery
 n - the ring "Zeta" (left hand) {rC+ rN+ Will+ Slay+5}
   (You found it in an ice cave)

   [ring of positive energy]

   It affects your accuracy and damage with ranged weapons and melee attacks
   (+5).
   It protects you from cold.
   It protects you from negative energy.
   It increases your willpower.
 o - an amulet of guardian spirit (around neck)
 u - a ring of protection from cold
 G - a +4 ring of protection
 H - the ring "Jefuemp" (right hand) {rPois rN+ Int+5 Dex-2 SInv}
   (You bought it in a shop on level 1 of the Snake Pit)

   [ring of poison resistance]

   It affects your intelligence (+5).
   It affects your dexterity (-2).
   It protects you from poison.
   It protects you from negative energy.
   It lets you see invisible.
 M - the ring "Zokiusko" {Fire Slay+3 SInv}
   (You acquired it on level 10 of the Dungeon)

   [ring of fire]

   It enhances your fire magic.
   It affects your accuracy and damage with ranged weapons and melee attacks
   (+3).
   It protects you from fire.
   It makes you vulnerable to cold.
   It lets you see invisible.
 O - a ring of flight
 Q - a ring of protection from fire
Wands
 c - a wand of mindburst (18)
 y - a wand of iceblast (33)
 E - a wand of acid (19)
 L - a wand of digging (5)
Scrolls
 b - 4 scrolls of identify
 e - 2 scrolls of blinking
 s - 8 scrolls of teleportation
 t - 4 scrolls of enchant weapon
 v - 3 scrolls of enchant armour
 x - 5 scrolls of fear
 A - 3 scrolls of immolation
 V - 3 scrolls of magic mapping
 Y - a scroll of silence
Potions
 a - 3 potions of ambrosia
 d - 5 potions of cancellation
 i - 7 potions of attraction
 k - 3 potions of curing
 p - 6 potions of flight
 q - 2 potions of might
 w - a potion of berserk rage
 z - 3 potions of haste
 N - a potion of heal wounds
 R - 2 potions of resistance
 U - 3 potions of mutation
Miscellaneous
 C - a condenser vane
 T - a box of beasts
 W - a lightning rod (4/4)
 X - a phantom mirror
 Z - a tin of tremorstones (2/2)


   Skills:
 * Level 22.0 Fighting
 + Level 20.3 Axes
 * Level 21.4 Armour
 + Level 7.2 Dodging
 + Level 4.1 Stealth
 + Level 14.6 Shields
 + Level 1.6 Evocations


You had 18 spell levels left.
You didn't know any spells.
Your spell library was empty.

Dungeon Overview and Level Annotations

Branches:
Dungeon (15/15)            Temple (0/1) D:5            Lair (6/6) D:8
 Shoals (2/4) Lair:2        Snake (4/4) Lair:2        Slime (0/5) Lair:5
    Orc (2/2) D:10            Elf (3/3) Orc:2        Vaults (0/5) D:13
 Depths (0/5) D:15          IceCv (visited)

Altars:
Cheibriados
Gozag
Makhleb
Okawaru
Ru
Trog
Vehumet
Yredelemnul
Zin
Beogh

Shops:
D:9 (   Orc:2 (=[*   Elf:2 (*   Shoals:1 [   Snake:1 *   Snake:4 :=:

Annotations:
D:5 3 runed translucent doors, Dvallin's ghost, weakling KoDe


Innate Abilities, Weirdness & Mutations

You have a pair of horns on your head.
You reflexively headbutt those who attack you in melee.


Message History

A merfolk impaler comes into view. It is wielding a +5 trident of flaming.
The sea snake bites you but does no damage.
You slash the dream sheep! You freeze the dream sheep.
The dream sheep is almost dead.
You barely miss the sea snake.
The sea snake is no longer moving slowly.
The dream sheep bites you but does no damage.
The dream sheep ruffle their wool and motes of dream dust sparkle, to no effect.
A dream sheep comes into view.
You barely miss the dream sheep.
The dream sheep bleats!
You headbutt the dream sheep.
The dream sheep is almost dead.
You miss the sea snake. You block the sea snake's attack.
You block the dream sheep's attack.
You slash the dream sheep! You freeze the dream sheep.
You kill the dream sheep!
Trog accepts your kill.
You slash the sea snake!
The sea snake seems to slow down.
You freeze the sea snake. You block the sea snake's attack.
The merfolk impaler hits you but does no damage.
Unknown command.
You miss the sea snake. Your headbutt misses the sea snake.
The sea snake is heavily wounded.
You block the merfolk impaler's attack.
You slice the sea snake!!
The sea snake seems to slow down.
You freeze the sea snake.
The sea snake is almost dead.
You block the merfolk impaler's attack. You block the sea snake's attack.
The dream sheep shake their wool and sparkle.
You feel drowsy...
You fall asleep.
The merfolk impaler hits you from afar with a +5 trident of flaming!!!
You wake up.
* * * LOW HITPOINT WARNING * * *
The merfolk impaler burns you!
* * * LOW HITPOINT WARNING * * *
You closely miss the sea snake.
The sea snake is almost dead.
The merfolk impaler hits you from afar with a +5 trident of flaming!
You die...

≈≈≈≈..###≈≈≈≈≈≈.≈≈≈≈≈
≈≈≈≈(.≈≈#≈≈≈≈≈≈..≈≈≈≈
≈≈≈≈..#)#≈≈≈≈≈≈......
≈≈≈H. #≈#≈≈........ #
≈≈≈. ##≈)≈.........##
≈≈. #≈≈)............ ≈.
##m≈.)..........< ≈≈#
##S).}..........≈.
≈≈####@)).).......##..#
≈≈≈Y≈Y....)........ ####
≈≈≈≈≈≈............. ##
≈≈≈≈≈≈............. ##.
≈≈≈≈≈≈.............###..
≈≈≈≈≈≈≈..###########..≈.
≈≈≈≈≈≈≈≈...### #...≈≈≈
≈≈≈≈≈≈≈≈≈....#####..#≈≈≈
≈≈≈≈≈≈≈...........##≈≈≈


You could see a merfolk impaler, a sea snake (slow) and 2 dream sheep.

Vanquished Creatures
  Nikola (Snake:4)
  2 deep elf master archers (Elf:3)
  The ghost of Cyko the Warrior, an adept TrBe of Trog (Elf:1)
  2 deep elf blademasters (Elf:3)
  3 tentacled starspawn
  A kraken (Abyss:3)
  Donald (Shoals:2)
  3 nagarajas (Snake:4)
  3 deep elf sorcerers (Elf:3)
  A deep elf elementalist (Elf:3)
  4 deep elf demonologists (Elf:3)
  Azrael (Orc:2)
  5 deep elf annihilators
  A green death (Abyss:3)
  Josephine (D:11)
  A merfolk impaler (Shoals:1)
  2 deep elf death magi (Elf:3)
  A merfolk javelineer (Shoals:2)
  A deep elf high priest (Elf:1)
  4 hydras
  Harold (Lair:2)
  2 ogre magi (D:13)
  3 catoblepae
  3 boulder beetles
  2 ice dragons (IceCv)
  18 naga warriors
  3 salamander tyrants (Snake:4)
  A death knight (D:13)
  8 anacondas
  A satyr (Shoals:2)
  8 centaur warriors
  3 merfolk aquamancers (Shoals:2)
  8 death yaks
  2 two-headed ogres (D:13)
  2 tengu warriors
  An orc high priest (Orc:2)
  A thrashing horror (Abyss:2)
  22 dancing weapons
  Urug (Lair:1)
  5 shock serpents
  19 naga sharpshooters
  The ghost of robertstho the Grappler, a novice TrBe of Trog (D:7)
  A fire crab (shapeshifter) (D:15)
  15 deep elf knights
  2 wretched stars (Abyss:2)
  5 salamander mystics
  A sixfirhy (Abyss:2)
  3 skeletal warriors (D:12)
  11 sea snakes
  A quicksilver dragon simulacrum (Abyss:3)
  5 starcursed masses
  2 large abominations (Abyss:3)
  5 deep elf archers
  5 naga ritualists
  12 harpies (Shoals:1)
  2 lindwurms
  3 orc knights (Orc:2)
  34 salamanders
  15 deep elf zephyrmancers
  5 mana vipers
  30 deep elf pyromancers
  4 orc sorcerers
  2 ugly things
  15 fauns
  A wolf spider zombie (D:14)
  9 cyclopes
  7 elephants (Lair:6)
  5 manticores
  30 black mambas
  2 merfolk sirens
  2 ice statues (IceCv)
  A rust devil (Abyss:2)
  18 naga magi
  15 guardian serpents
  3 smoke demons
  5 torpor snails
  4 water nymphs (Shoals:1)
  An orange demon (Abyss:2)
  2 rime drakes (shapeshifter)
  8 cane toads
  An unseen horror (shapeshifter) (D:15)
  9 komodo dragons
  An unseen horror (Abyss:3)
  An efreet (D:13)
  8 rime drakes
  A ghost moth simulacrum (Abyss:2)
  A tengu conjurer (D:14)
  2 ancient zymes (Abyss:3)
  7 merfolk
  A wind drake (shapeshifter) (D:15)
  A troll (shapeshifter) (D:14)
  4 polar bears (Lair:6)
  3 trolls
  3 blink frogs (Abyss:3)
  Prince Ribbit (D:8)
  4 wind drakes
  12 slime creatures
  3 hornets (Lair:6)
  19 dream sheep
  2 raiju (Abyss:2)
  2 snapping turtles
  A dream sheep (shapeshifter) (Elf:2)
  9 water elementals
  2 air elementals (Elf:3)
  14 spriggans
  A shadow (D:11)
  2 vampires
  46 yaks
  5 wyverns
  5 wraiths
  A human (D:13)
  3 basilisks
  A fire elemental (Abyss:2)
  7 vampire mosquitoes
  A naga (shapeshifter) (Abyss:2)
  52 nagas
  4 wargs
  2 acid dragons (D:8)
  23 water moccasins
  A hell hound (Orc:2)
  17 orc warriors
  A sky beast (D:5)
  7 black bears
  A black bear (shapeshifter) (D:15)
  16 ice beasts
  2 necrophages
  8 ogres
  4 boggarts (Lair:6)
  24 wolves
  13 centaurs
  6 earth elementals
  7 bullfrogs
  2 gnoll sergeants
  A wyvern zombie (D:7)
  2 small abominations
  A hornet simulacrum (D:12)
  10 killer bees
  2 howler monkeys
  12 wights
  An electric eel (Lair:2)
  3 bullfrog zombies
  4 centaur zombies
  A centaur skeleton (D:7)
  7 jellies
  13 orc priests
  A gnoll shaman (D:6)
  3 hounds (D:5)
  2 bullfrog skeletons
  Terence (D:3)
  2 iguanas
  2 hell rats (D:8)
  16 orc wizards
  2 killer bee zombies (D:6)
  A howler monkey zombie (D:9)
  A mummy (D:12)
  A spectral howler monkey (D:7)
  12 gnolls
  A howler monkey skeleton (D:6)
  9 adders
  2 river rats (D:8)
  3 white imps
  3 ufetubi
  An adder zombie (D:5)
  3 dart slugs
  53 orcs
  3 bats
  6 endoplasms
  5 giant cockroaches
  7 goblins
  6 hobgoblins
  3 jackals (D:1)
  5 kobolds
  3 quokkas
  7 ball pythons
  6 frilled lizards
  9 rats
  2 starspawn tentacles (Abyss:3)
  2 tentacles (Abyss:3)
1059 creatures vanquished.

Vanquished Creatures (collateral kills)
  Vashnia (Snake:4)
  Saint Roka (Orc:2)
  Polyphemus (Shoals:2)
  A sphinx (D:13)
  An orc warlord (D:13)
  A deep elf sorcerer (Elf:3)
  A deep elf elementalist (Elf:3)
  An angel (Abyss:2)
  A deep elf demonologist (Elf:3)
  2 deep elf annihilators (Elf:3)
  3 deep elf death magi (Elf:3)
  A naga warrior (Snake:4)
  2 dancing weapons (Elf:2)
  A death yak (D:8)
  4 naga sharpshooters
  A deep elf knight (Elf:2)
  A shock serpent (Snake:4)
  A wretched star (Abyss:3)
  A deep elf archer (Elf:3)
  2 deep elf pyromancers (Elf:3)
  A mana viper (Snake:3)
  2 deep elf zephyrmancers
  An orc sorcerer (Orc:2)
  A manticore (Shoals:2)
  2 salamanders (Snake:4)
  A guardian serpent (Snake:4)
  A naga mage (Snake:4)
  A smoke demon (Abyss:2)
  A merfolk (Shoals:2)
  2 fire elementals (Orc:2)
  2 nagas (Abyss:2)
  A hell hound (Orc:2)
  4 orc warriors (Orc:2)
  6 starcursed masses (Abyss:3)
  An orc priest (Orc:2)
  An orc wizard (Orc:2)
  4 orcs (Orc:2)
60 creatures vanquished.

Vanquished Creatures (others)
  A naga warrior (Snake:4)
  A merfolk aquamancer (Shoals:2)
  A death yak (D:8)
  A naga sharpshooter (Snake:4)
  2 deep elf knights
  An orc priest (Orc:1)
  A rat (D:8)
  42 fungi
  88 plants
  4 starspawn tentacles (Abyss:2)
  6 tentacles (Abyss:3)
148 creatures vanquished.

Grand Total: 1267 creatures vanquished

Notes
Turn   | Place    | Note
-------+----------+-------------------------------------------
     0 | D:1      | robertstho the Minotaur Berserker began the quest for the
                  | Orb.
     0 | D:1      | Reached XP level 1. HP: 19/19 MP: 0/0
    64 | D:1      | Reached skill level 4 in Fighting
   180 | D:1      | Reached XP level 2. HP: 21/27 MP: 1/1
   275 | D:1      | Found a faded altar of an unknown god.
   808 | D:1      | Reached XP level 3. HP: 24/34 MP: 2/2
  1368 | D:2      | Reached ** piety under Trog
  1956 | D:3      | Reached XP level 4. HP: 41/41 MP: 3/3
  2234 | D:3      | Noticed Terence
  2241 | D:3      | Killed Terence
  2242 | D:3      | Reached skill level 5 in Fighting
  2671 | D:4      | Reached XP level 5. HP: 31/48 MP: 4/4
  2866 | D:4      | Reached skill level 5 in Axes
  3651 | D:5      | Entered Level 5 of the Dungeon
  3651 | D:5      | Noticed an ogre
  3655 | D:5      | Killed an ogre
  3656 | D:5      | Reached XP level 6. HP: 9/57 MP: 5/5
  4048 | D:5      | Found a runed translucent gate.
  4073 | D:5      | Found a staircase to the Ecumenical Temple.
  4154 | D:5      | Noticed a water moccasin
  4155 | D:5      | Noticed a sky beast
  4197 | D:5      | Reached skill level 1 in Stealth
  4203 | D:5      | Reached skill level 5 in Armour
  4229 | D:4      | Killed a water moccasin
  4230 | D:4      | Reached skill level 6 in Fighting
  4230 | D:4      | Reached XP level 7. HP: 26/63 MP: 6/6
  4419 | D:5      | Found a runed translucent gate.
  4420 | D:5      | Found a runed translucent gate.
  4421 | D:5      | Noticed Dvallin's ghost (weakling KoDe)
  4477 | D:5      | Reached skill level 7 in Fighting
  4494 | D:5      | Reached XP level 8. HP: 50/73 MP: 5/7
  4618 | D:5      | Reached *** piety under Trog
  5207 | D:5      | Identified the -3 pair of boots "Tiovveo" {rC+}
  5722 | D:6      | Reached skill level 8 in Fighting
  5912 | D:6      | Found an iron altar of Okawaru.
  5914 | D:6      | Found a sacrificial altar of Ru.
  5922 | D:6      | Found a burning altar of Makhleb.
  5922 | D:6      | Found a bloodstained altar of Trog.
  5923 | D:6      | Found a glowing silver altar of Zin.
  5925 | D:6      | Found a snail-covered altar of Cheibriados.
  5928 | D:6      | Found an opulent altar of Gozag.
  6213 | D:7      | Reached XP level 9. HP: 56/81 MP: 6/8
  6394 | D:7      | Reached **** piety under Trog
  6441 | D:7      | Found a transporter.
  6511 | D:7      | Found a transporter.
  6525 | D:7      | Noticed robertstho's ghost (novice TrBe)
  6743 | D:8      | Noticed Prince Ribbit
  6757 | D:8      | Killed Prince Ribbit
  6977 | D:8      | Noticed a death yak
  6979 | D:8      | Noticed a death yak
  6980 | D:8      | Found a staircase to the Lair.
  6980 | D:8      | Noticed a death yak
  6995 | D:8      | Killed a death yak
  6996 | D:8      | Reached skill level 9 in Fighting
  7007 | D:8      | Killed a death yak
  7008 | D:8      | Reached skill level 10 in Axes
  7008 | D:8      | Reached skill level 10 in Armour
  7018 | D:8      | Killed a death yak
  7019 | D:8      | Reached skill level 10 in Fighting
  7019 | D:8      | Reached XP level 10. HP: 16/93 MP: 0/9
  7605 | D:8      | Noticed a cyclops
  7611 | D:8      | Killed a cyclops
  7612 | D:8      | Noticed a tengu warrior
  7613 | D:8      | Identified the +5 hand axe "Telon" {freeze, Contam rElec
                  | rPois rF+}
  7757 | D:8      | Killed a tengu warrior
  7829 | D:8      | Noticed a boulder beetle
  7829 | D:8      | Noticed a centaur warrior
  7829 | D:8      | Noticed a boulder beetle
  7837 | D:8      | Killed a boulder beetle
  7839 | D:8      | Reached skill level 11 in Fighting
  7839 | D:8      | Killed a centaur warrior
  7841 | D:8      | Killed a boulder beetle
  7842 | D:8      | Reached XP level 11. HP: 102/102 MP: 6/10
  8179 | D:9      | Reached skill level 5 in Dodging
  8217 | D:9      | Found Vesokleami's Antique Weapon Emporium.
  8223 | D:9      | Bought a slimy broad axe for 270 gold pieces
  8223 | D:9      | Identified the +8 broad axe of Gal Mou {vorpal, *Noise rF+
                  | rCorr Dex+5} (You bought it in a shop on level 9 of the
                  | Dungeon)
  8482 | D:10     | Entered Level 10 of the Dungeon
  8851 | D:10     | Found a staircase to the Orcish Mines.
  9187 | D:10     | Identified a scroll of acquirement
  9190 | D:10     | Acquired the ring "Zokiusko" {Fire Slay+3 SInv}
  9216 | D:10     | Reached ***** piety under Trog
  9828 | D:11     | Noticed Josephine
  9842 | D:11     | Reached skill level 12 in Fighting
  9842 | D:11     | Killed Josephine
  9962 | D:11     | Noticed a green ugly thing
  9967 | D:11     | Killed a green ugly thing
 10132 | D:11     | Noticed a tengu warrior
 10140 | D:11     | Killed a tengu warrior
 10426 | D:11     | Reached XP level 12. HP: 112/112 MP: 11/11
 11163 | Lair:1   | Entered Level 1 of the Lair of Beasts
 11253 | Lair:1   | Noticed Urug
 11262 | Lair:1   | Killed Urug
 11505 | Lair:1   | Reached skill level 13 in Fighting
 11548 | Lair:1   | Found a snail-covered altar of Cheibriados.
 11927 | Lair:1   | Noticed a four-headed hydra
 11935 | Lair:1   | Killed an 11-headed hydra
 12574 | Lair:2   | Found a staircase to the Snake Pit.
 12920 | Lair:2   | Noticed Harold
 12922 | Lair:2   | Reached skill level 15 in Armour
 12931 | Lair:2   | Killed Harold
 12932 | Lair:2   | Reached skill level 15 in Axes
 12990 | Lair:2   | Reached XP level 13. HP: 122/122 MP: 12/12
 13189 | Lair:2   | Found a staircase to the Shoals.
 15625 | Lair:5   | Found an iron altar of Okawaru.
 15638 | Lair:5   | Reached skill level 14 in Fighting
 15672 | Lair:5   | Found a staircase to the Slime Pits.
 15885 | Lair:5   | Received a gift from Trog
 16472 | Lair:6   | Entered Level 6 of the Lair of Beasts
 16628 | Lair:6   | Reached ****** piety under Trog
 17665 | Lair:6   | Reached XP level 14. HP: 107/133 MP: 9/13
 17675 | Lair:6   | Reached skill level 15 in Fighting
 18093 | Lair:6   | Identified the +5 broad axe of Ahedym {vorpal, rF+ rC++
                  | Str-5} (Trog gifted it to you on level 6 of the Lair of
                  | Beasts)
 18093 | Lair:6   | Received a gift from Trog
 18485 | Lair:6   | Paralysed by a hornet for 2 turns
 18925 | Orc:1    | Entered Level 1 of the Orcish Mines
 19156 | Orc:2    | Entered Level 2 of the Orcish Mines
 19246 | Orc:2    | Found a staircase to the Elven Halls.
 19252 | Orc:2    | Noticed Saint Roka
 19666 | D:12     | Found a snail-covered altar of Cheibriados.
 20365 | D:13     | Found a gate to the Vaults.
 20906 | D:13     | You fall into a shaft and drop 2 floors!
 20906 | D:15     | Entered Level 15 of the Dungeon
 21162 | D:15     | Identified the +1 robe of the Pit {rPois rF- rN+}
 21175 | D:15     | Reached skill level 16 in Fighting
 21446 | D:15     | Found a staircase to the Depths.
 21454 | D:15     | Received a gift from Trog
 22136 | D:14     | Found a frozen archway.
 22150 | IceCv    | Entered an ice cave
 22337 | IceCv    | Reached XP level 15. HP: 145/145 MP: 12/14
 22404 | IceCv    | Identified the ring "Zeta" {rC+ rN+ Will+ Slay+5}
 22655 | D:14     | Acquired the +2 pair of boots of Dass {rN+ Str+4}
 23146 | D:14     | Found a basalt altar of Yredelemnul.
 23803 | D:13     | Noticed an orc warlord
 23816 | D:13     | Noticed a sphinx
 24034 | D:13     | Killed a sphinx
 24038 | D:13     | Reached skill level 17 in Fighting
 24038 | D:13     | Killed an orc warlord
 24329 | Snake:1  | Entered Level 1 of the Snake Pit
 24347 | Snake:1  | Received a gift from Trog
 26511 | Snake:1  | Found Cerphusso's Assorted Antiques.
 26519 | Snake:1  | Bought a scroll labelled COISKEROASCH for 36 gold pieces
 26519 | Snake:1  | Bought a scroll labelled CAVEON LUID for 36 gold pieces
 26519 | Snake:1  | Bought a runed peridot ring for 180 gold pieces
 26519 | Snake:1  | Bought a translucent iron ring for 180 gold pieces
 26519 | Snake:1  | Identified the ring "Jefuemp" {rPois rN+ Int+5 Dex-2 SInv}
                  | (You bought it in a shop on level 1 of the Snake Pit)
 26519 | Snake:1  | Bought a potion of curing for 108 gold pieces
 26519 | Snake:1  | Bought a viscous dark potion for 32 gold pieces
 26519 | Snake:1  | Bought a potion of heal wounds for 180 gold pieces
 26633 | Snake:2  | Reached skill level 1 in Shields
 27324 | D:7      | Killed robertstho's ghost
 27905 | Snake:3  | Reached skill level 18 in Fighting
 27905 | Snake:3  | Received a gift from Trog
 28118 | Snake:3  | Reached XP level 16. HP: 103/157 MP: 8/15
 29871 | Snake:3  | Identified the +8 dire flail "Liprofig" {vorpal, rPois
                  | Str+5} (Trog gifted it to you on level 3 of the Snake Pit)
 29871 | Snake:3  | Received a gift from Trog
 30127 | Snake:3  | Reached skill level 5 in Shields
 30554 | Snake:4  | Entered Level 4 of the Snake Pit
 30601 | Snake:4  | Noticed Vashnia
 31007 | Snake:4  | Killed Vashnia
 31637 | Snake:4  | Reached skill level 1 in Evocations
 31843 | Snake:4  | Reached skill level 19 in Fighting
 31851 | Snake:4  | HP: 6/160 [poisoned by a guardian serpent (bolt of poison)]
 33135 | Snake:4  | Reached XP level 17. HP: 97/168 MP: 16/16
 33513 | Snake:4  | Noticed Nikola
 33528 | Snake:4  | Killed Nikola
 34549 | Snake:4  | Cast into level 2 of the Abyss (salamander)
 34624 | Abyss:2  | Reached skill level 10 in Shields
 34806 | Snake:4  | Escaped the Abyss
 35165 | Snake:4  | Found Lafaex's Book Boutique.
 35166 | Snake:4  | Found Irhot's Jewellery Shoppe.
 35167 | Snake:4  | Found Juarcholo's Book Boutique.
 35588 | Snake:4  | Got a serpentine rune of Zot
 36376 | Orc:2    | Received a gift from Trog
 36380 | Orc:2    | Found a radiant altar of Vehumet.
 36461 | Orc:2    | Killed Saint Roka
 36462 | Orc:2    | Reached skill level 20 in Fighting
 36479 | Orc:2    | Noticed Azrael
 36494 | Orc:2    | Killed Azrael
 36723 | Orc:2    | Found Notaq's Jewellery Boutique.
 36944 | Orc:2    | Found Usahaom's Antique Weapon Boutique.
 36953 | Orc:2    | Found Joifar's General Store.
 37192 | Orc:2    | Found Vitsipaj's Antique Armour Boutique.
 37431 | Orc:2    | Bought an amber-encrusted chain mail for 313 gold pieces
 37431 | Orc:2    | Identified the +9 chain mail of the Leaping Realms {rC+++
                  | MP-9 Int+4 Stlth-} (You bought it in a shop on level 2 of
                  | the Orcish Mines)
 37431 | Orc:2    | Bought a spiked chain mail for 313 gold pieces
 37431 | Orc:2    | Identified the +8 chain mail of Eye-covered Salvation
                  | {Int+2} (You bought it in a shop on level 2 of the Orcish
                  | Mines)
 37742 | Elf:1    | Entered Level 1 of the Elven Halls
 37831 | Elf:1    | Found a runed translucent door.
 37831 | Elf:1    | Noticed Cyko's ghost (adept TrBe)
 39162 | Elf:1    | Reached XP level 18. HP: 115/179 MP: 12/17
 39549 | Elf:1    | Received a gift from Trog
 39577 | Elf:1    | Killed Cyko's ghost
 39946 | Elf:2    | Found a runed translucent gate.
 39946 | Elf:2    | Found a runed translucent gate.
 39948 | Elf:2    | Found a runed translucent gate.
 40142 | Elf:1    | Found a radiant altar of Vehumet.
 40161 | Elf:2    | Found Zumeolin's Assorted Antiques.
 40195 | Elf:2    | Found Oxuos's Weapon Shoppe.
 41765 | Elf:3    | Entered Level 3 of the Elven Halls
 41906 | Elf:3    | Cast into level 3 of the Abyss (+0 battleaxe of distortion)
 42015 | Abyss:3  | Reached skill level 21 in Fighting
 42075 | Abyss:3  | Found a corrupted altar of Lugonu.
 42128 | Elf:3    | Escaped the Abyss
 42404 | Elf:3    | Received a gift from Trog
 42867 | Elf:3    | Identified the ring "Vutoiren" {rPois Will+ MP-9 Str+6}
 42872 | Elf:3    | Identified the +1 robe of Urom {Int+2 Stlth+}
 43092 | Elf:3    | Reached XP level 19. HP: 95/190 MP: 8/18
 43756 | Elf:3    | Identified the ring "Xytroox" {rPois rC+ Will+ Int+10
                  | Dex-5}
 44546 | Elf:3    | Identified the +2 robe "Fakkonao" {Dex+2}
 44551 | Elf:3    | Identified Sif Muna's Papyrus of Creative Shape Shifting
 44838 | Shoals:1 | Entered Level 1 of the Shoals
 45050 | Shoals:1 | Found Rexuxke's Antique Armour Shop.
 46135 | Shoals:1 | Received a gift from Trog
 46267 | Shoals:2 | Noticed Donald
 46279 | Shoals:2 | Killed Donald
 46298 | Shoals:2 | Noticed Polyphemus
 46310 | Shoals:2 | Killed Polyphemus
 46311 | Shoals:2 | Reached skill level 22 in Fighting
 46826 | Shoals:2 | HP: 1/191 [merfolk impaler/+5 trident of flaming (13)]
 46827 | Shoals:2 | Mangled by a merfolk impaler

Illustrated notes

Levels and vault maps discovered:
D:1:      minmay_arrival_loop, layout_basic,
          hellmonk_ecumenical_altar_arch_garden, minmay_pentomino_r4
D:2:      layout_loops_ring
D:3:      layout_loops_cross, uniq_terence
D:4:      layout_basic
D:5:      minmay_inner_zag, layout_basic, minmay_temple_entry_junction,
          gammafunk_ghost_necromancy, minmay_joined_circles
D:6:      layout_loops_ring, minitemple, amethyst_killhole, chequers_arboretum
D:7:      layout_cave_pools, gammafunk_ghost_mausoleum
D:8:      layout_rooms, dpeg_lair_monsters, minmay_evil_grid,
          uniq_prince_ribbit1
D:9:      layout_cave_pools, serial_shops, shop
D:10:     layout_irregular_city, david_orc_1_choice
D:11:     layout_stronghold, uniq_josephine
D:12:     layout_rooms, chei_slow_surprise
D:13:     minmay_outward_triangles, layout_rooms, david_vaults_2,
          hangedman_stone_soup
D:14:     layout_roguey, portal_ice_cave_rime, dk_noncrumbling_4,
          minmay_misc_feat_rows, lemuel_zombie_altar_yredelemnul
D:15:     hangedman_depths_entry_try_elsewhere_first, layout_loops_cross,
          minmay_misc_feat_rugged
Lair:1:   layout_cave_pods, kennysheep_snail_temple, grunt_megastairs_5,
          uniq_urug
Lair:2:   layout_regular_city, minmay_shoals_entry_hut,
          minmay_snake_entry_six_corridors, uniq_harold
Lair:3:   layout_cellular_growth, lemuel_fruit_tree, lemuel_fruit_fields
Lair:4:   layout_layer_cave
Lair:5:   layout_roguey, nicolae_slime_entry_slimehenge, basic_altar,
          st_stairs_12, minmay_hedge_maze
Lair:6:   minmay_lair_end_enchanted_forest, layout_concentric_octagons
Shoals:1: layout_shoals, serial_shops, shop, argonaut_gorgonesque
Shoals:2: layout_shoals, serial_shops, nicolae_shop_trees,
          nicolae_shoals_aquamancer_cove, uniq_donald, uniq_polyphemus
Snake:1:  layout_cave_shapes, serial_shops, nicolae_shop_crystal,
          nicolae_snake_double_loop
Snake:2:  nicolae_sea_snake_s, layout_cave_shapes
Snake:3:  layout_cave_town, fake_guardian_serpent_vault, grunt_megastairs_2
Snake:4:  grunt_snake_rune_pools, layout_onion, minmay_shop_grove, uniq_nikola,
          uniq_vashnia
Orc:1:    layout_caves
Orc:2:    grunt_orc_cross, layout_caves, basic_altar, uniq_azrael
Elf:1:    eino_elf_arrival_the_gate, layout_loops_corners,
          ebering_ghost_inner_flame, kennysheep_underground_church,
          lemuel_upstairs_altar, grunt_megastairs_1
Elf:2:    layout_geoelf_diagonals, serial_shops, shop, nicolae_shop_statue_plus,
          serial_corexii_hall, corexii_hall_statues_u, corexii_hall_statues_l,
          chequers_hall_statues_corner_a, corexii_hall_statues_deadend
Elf:3:    grunt_elf_hall_branching, layout_loops_corners,
          minmay_misc_feat_columns

Skill      XL: |  1  2  3  4  5  6  7  8  9 10 11 12 13 14 15 16 17 18 19 |
---------------+----------------------------------------------------------+-----
Fighting       | 4 5 6 7 8 10 11 12 13 14 16 18 19 20 21 22 | 22.0
Axes           | 4 5 6 8 10 12 13 15 16 18 19 20 | 20.3
Armour         | 3 4 5 6 8 10 11 13 15 16 17 18 19 20 21 | 21.4
Dodging        | 3 4 5 6 7 |  7.2
Stealth        | 1 2 3 4 |  4.1
Shields        | 3 8 11 13 14 | 14.6
Evocations     | 1 |  1.6

Action                   |  1- 3 |  4- 6 |  7- 9 | 10-12 | 13-15 | 16-18 | 19-21 || total
-------------------------+-------+-------+-------+-------+-------+-------+-------++-------
Melee: Hand axe          |    73 |   127 |    42 |       |       |  1002 |   348 ||  1592
       Headbutt          |    15 |    13 |    48 |    68 |   152 |   302 |    82 ||   680
       War axe           |       |       |    83 |       |       |       |       ||    83
       Battleaxe         |       |       |    53 |   264 |   455 |       |       ||   772
       Broad axe         |       |       |       |       |   220 |   163 |       ||   383
Invok: Berserk           |     1 |     4 |     4 |     6 |    26 |    24 |     2 ||    67
       Trog's Hand       |       |     2 |     1 |       |     1 |    14 |       ||    18
       Brothers in Arms  |       |       |     1 |       |     2 |    16 |     6 ||    25
Evoke: Wand              |       |       |     1 |       |       |    14 |     5 ||    20
       Box of beasts     |       |       |       |       |       |     2 |       ||     2
       Tin of tremorston |       |       |       |       |       |     1 |       ||     1
       Condenser vane    |       |       |       |       |       |     1 |       ||     1
  Use: Scroll            |       |     2 |     6 |     8 |     9 |    13 |       ||    38
       Potion            |       |     2 |     2 |     1 |       |    11 |       ||    16
 Stab: Distracted        |       |       |       |     3 |     2 |     2 |     1 ||     8
       Sleeping          |       |       |       |       |       |     1 |       ||     1
       Petrified         |       |       |       |       |       |       |     9 ||     9
Armor: Animal skin       |    11 |     1 |       |       |       |       |       ||    12
       Ring mail         |       |     9 |       |       |       |       |       ||     9
       Skin              |       |    38 |       |       |       |       |       ||    38
       Scale mail        |       |    16 |    59 |     2 |       |       |       ||    77
       Plate armour      |       |       |       |   115 |   387 |   305 |       ||   807
       Chain mail        |       |       |       |       |       |   187 |   148 ||   335
Dodge: Dodged            |    52 |    87 |   136 |   149 |   328 |   207 |    73 ||  1032
Block: Tower shield      |       |       |       |       |   116 |  1008 |   343 ||  1467

Table legend: (Time is in decaauts)
 A = Elapsed time spent in this place.
 B = Non-inter-level travel time spent in this place.
 C = Inter-level travel time spent in this place.
 D = Time resting spent in this place.
 E = Time spent auto-exploring this place.
 F = Levels seen in this place.
 G = Mean time per level.
                   A        B        C        D        E       F      G
               +--------+--------+--------+--------+--------+-----+--------+
         Total |  47398 |  44733 |   2665 |   6787 |  31172 |  35 | 1354.2 |
       Dungeon |  16046 |  14644 |   1402 |   1347 |  11284 |  15 | 1069.7 |
          Lair |   8615 |   8103 |    512 |   1222 |   6115 |   6 | 1435.8 |
        Shoals |   2060 |   2031 |     29 |    325 |   1223 |   2 | 1030.0 |
     Snake Pit |  10462 |  10185 |    277 |   2537 |   6101 |   4 | 2615.5 |
  Orcish Mines |   2570 |   2364 |    206 |    513 |   1439 |   2 | 1285.0 |
   Elven Halls |   6667 |   6430 |    237 |    754 |   4641 |   3 | 2222.3 |
         Abyss |    508 |    508 |      0 |     52 |    106 |   2 |  254.0 |
      Ice Cave |    468 |    468 |      0 |     35 |    261 |   1 |  468.0 |
               +--------+--------+--------+--------+--------+-----+--------+

Top non-repeatable levels by time:
 Snake:4: 4030 daAuts
 Snake:3: 3629 daAuts
   Elf:3: 2613 daAuts
  Lair:6: 2273 daAuts
   Elf:2: 2068 daAuts
  Lair:2: 2004 daAuts
   Elf:1: 1985 daAuts
 Snake:1: 1920 daAuts
Shoals:1: 1779 daAuts
     D:4: 1610 daAuts
     D:8: 1405 daAuts
    D:10: 1398 daAuts
    D:11: 1395 daAuts
    D:13: 1383 daAuts
  Lair:4: 1378 daAuts
